cohdb
Replays
Latest Replays
All Replays
Popular Replays
Top Player Replays
Match Explorer
How It Works
Community
CoH3 Stats
Reddit
Sign in to upload your games and track your stats! →
Sign in with Steam
Match 45880369
Unlisted
Match 45880369
Overview
Messages
Build Orders
End
Engineer Squad
Construct Weapon Support Center
M1919 Machine Gun Team
Bazooka Squad
Selects Special Operations Battlegroup
Infantry Support Center
Sniper
Mortar Pit
M3 Armored Personnel Carrier
Selects M29 Weasel with M1 Pack Howitzer
Improved M9 Bazooka Rockets
Bazooka Squad
Advanced Logistics
M29 Weasel with M1 Pack Howitzer
Survival Training
M1919 Machine Gun Team
Construct Tank Depot
Selects P-47 Anti-Infantry Loiter
Erwin
柠檬冰茶
湫
MAVNE
Sad Pepe
gio_misro
0
0
Comments
sign in to comment!
No comments posted yet!